 Dungeon Crawl Stone Soup version 0.19-a0-1457-g32fba05 (webtiles) character file.

5926 Kidiri the Thaumaturge (level 10, -5/56 HPs)
             Began as a Deep Elf Fire Elementalist on Sept 5, 2016.
             Was a Believer of Vehumet.
             Killed by the air
             ... invoked by Gastronok
              (42 damage)
             ... on level 1 of the Lair of Beasts on Sept 6, 2016.
             The game lasted 00:44:30 (10372 turns).

Kidiri the Thaumaturge (DEFE)                      Turns: 10372, Time: 00:44:30

Health: -5/56      AC:  4    Str:  5    XL:     10   Next: 53%
Magic:  7/26       EV: 15    Int: 24    God:    Vehumet [**....]
Gold:   331        SH:  0    Dex: 12    Spells: 9 memorised, 4 levels left

rFire  . . .     SeeInvis .     d - +1 dagger (flame)
rCold  . . .     Gourm    .     b - +0 robe of Midnight {rElec Regen+ Dex-3}
rNeg   . . .     Faith    .     (no shield)
rPois  .         Spirit   .     t - +0 helmet
rElec  +         Dismiss  .     s - +0 cloak
rCorr  .         Reflect  .     (no gloves)
MR     +....     Harm     +     (no boots)
Stlth  ++........               w - amulet of harm
                                (no ring)
                                h - ring of wizardry

@: no status effects
A: no striking features
a: Renounce Religion


You were on level 1 of the Lair of Beasts.
You worshipped Vehumet.
Vehumet was pleased with you.
You were not hungry.

You visited 3 branches of the dungeon, and saw 10 of its levels.

You collected 331 gold pieces.

Inventory:

Hand Weapons
 d - a +1 dagger of flaming (weapon)
Armour
 b - the +0 robe of Midnight (worn) {rElec Regen+ Dex-3}
   (You found it on level 1 of the Lair of Beasts)

   It affects your dexterity (-3).
   It insulates you from electricity.
   It increases your rate of regeneration.
 s - a +0 cloak (worn)
 t - a +0 helmet (worn)
 u - a +0 shield
 C - a +1 robe of cold resistance
Jewellery
 h - a ring of wizardry (left hand)
 w - an amulet of harm (around neck)
Wands
 g - a wand of lightning (7/15)
 y - a wand of slowing (21/48)
 D - a wand of slowing (39/48)
 K - a wand of random effects (12/48)
Scrolls
 a - a scroll of blinking
 f - a scroll of noise
 j - 2 scrolls of fog
 p - 2 scrolls of immolation
 v - 3 scrolls of recharging
 x - 3 scrolls of magic mapping
 E - a scroll of teleportation
 H - 2 scrolls of remove curse
Potions
 e - a potion of resistance
 i - 2 potions of curing
 l - 2 potions of brilliance
 m - 4 potions of might {unknown}
 o - 2 potions of agility {unknown}
 q - 2 potions of haste {unknown}
 z - a potion of beneficial mutation {unknown}
 A - a potion of magic {unknown}
 B - 3 potions of invisibility {unknown}
 G - a potion of heal wounds {unknown}
Books
 L - a book of Alchemy

   Spells                             Type                      Level
   a - Sublimation of Blood           Necromancy                   2
   b - Ignite Poison                  Fire/Transmutation/Poison    3
   c - Petrify                        Transmutation/Earth          4
   d - Alistair's Intoxication        Transmutation/Poison         5
   e - Irradiate                      Conjuration/Transmutation    5
Comestibles
 c - 8 bread rations
 k - 3 meat rations
 n - a slice of pizza
 r - 2 royal jellies
 F - 4 chunks of flesh


   Skills:
 + Level 3.5 Fighting
 + Level 4.2 Short Blades
 + Level 3.7 Armour
 + Level 6.5 Dodging
 - Level 2.4 Stealth
 + Level 3.3 Shields
 * Level 10.8 Spellcasting
 + Level 6.3 Conjurations
 + Level 7.1 Fire Magic
 + Level 1.4 Earth Magic
 + Level 2.4 Poison Magic
 + Level 2.1 Evocations


You had 4 spell levels left.
You knew the following spells:

 Your Spells              Type           Power        Failure   Level  Hunger
a - Flame Tongue          Conj/Fire      #####        1%          1    None
b - Throw Flame           Conj/Fire      #####.       1%          2    None
c - Conjure Flame         Conj/Fire      #####...     1%          3    None
d - Inner Flame           Hex/Fire       ####....     1%          3    None
e - Sticky Flame          Conj/Fire      #####...     1%          4    None
f - Fireball              Conj/Fire      #####.....   4%          5    ####...
g - Sting                 Conj/Pois      ####         1%          1    None
h - Ignite Poison         Fire/Tmut/Pois ####....     1%          3    None
i - Petrify               Tmut/Erth      ###.....     17%         4    None


Dungeon Overview and Level Annotations

Branches:
Dungeon (8/15)             Temple (1/1) D:6            Lair (1/6) D:8

Altars:
Ashenzari
Cheibriados
Dithmenos
Elyvilon
Fedhas
Gozag
Hepliaklqana
Kikubaaqudgha
Makhleb
Nemelex Xobeh
Okawaru
Qazlal
Ru
Sif Muna
Trog
Uskayaw
Vehumet
Xom
Yredelemnul
Zin

Shops:
D:5 (

Annotations:
D:8 Joseph
Lair:1 Gastronok


Message History

Gastronok chants a spell, wobbling all the while.
You feel sluggish.
Casting: Flame Tongue
Confirm with . or Enter, or press ? or * to list all spells.
Aiming: Flame Tongue
Press: ? - help, Shift-Dir - straight line, f/p - Gastronok
Aim: Gastronok, wearing the +3 hat of Pondering {ponderous, MR+ MP+10 Int+5} (severely wounded, covering ground quickly)
The flame tongue hits Gastronok.
Gastronok appears unharmed.
Gastronok is severely wounded.
Casting: Flame Tongue
Confirm with . or Enter, or press ? or * to list all spells.
Aiming: Flame Tongue
Press: ? - help, Shift-Dir - straight line, f/p - Gastronok
Aim: Gastronok, wearing the +3 hat of Pondering {ponderous, MR+ MP+10 Int+5} (severely wounded, covering ground quickly)
The flame tongue hits Gastronok.
Gastronok is almost dead.
Gastronok waves his eye-stalks in wide circles.
The air twists around and strikes you!
Ouch! That really hurt!
You die...

...#...####..
##.##...##....
#####..#.#.#......
#................. ##
##......##.##......
##..##........###.....PP
...P........####......##
[.w........## ##.....P#
.......@.(.# ##....##
.......P...# ##...#
.......#...# P..##
.......##### ...##
....... ###. ..P#### ..
..# ##


You could see Gastronok.

Vanquished Creatures
  A hydra (Lair:1)
  An unseen horror (D:7)
  2 komodo dragons
  A spriggan (D:7)
  A hippogriff (D:7)
  Grum (D:8)
  3 orc warriors
  2 ice beasts
  A necrophage (D:6)
  A phantom (D:5)
  3 ogres
  2 centaurs (D:8)
  A wasp (D:8)
  4 wolves (D:8)
  A crocodile (Lair:1)
  A big kobold (D:7)
  4 giant frogs
  A gnoll sergeant (D:7)
  3 scorpions
  6 killer bees (D:8)
  8 wights (D:7)
  A howler monkey (D:6)
  2 giant frog zombies
  A wasp zombie (D:7)
  4 hounds
  A centaur skeleton (D:6)
  A jelly (D:7)
  5 orc wizards
  A giant frog skeleton (D:4)
  7 worker ants
  3 iguanas
  A killer bee zombie (D:7)
  2 worker ant zombies
  12 gnolls
  7 adders
  6 river rats (Lair:1)
  An ooze (D:3)
  2 adder skeletons
  3 dart slugs
  12 giant geckos
  15 orcs
  2 ball pythons
  5 bats
  8 giant cockroaches
  4 goblins
  7 hobgoblins
  8 jackals
  3 quokkas
  7 giant newts
  15 kobolds
  8 rats
202 creatures vanquished.

Vanquished Creatures (others)
  A fungus (Lair:1)
  A plant (D:8)
2 creatures vanquished.

Grand Total: 204 creatures vanquished

Notes
Turn   | Place    | Note
-------+----------+-------------------------------------------
     0 | D:1      | Kidiri the Deep Elf Fire Elementalist began the quest for the Orb.
     0 | D:1      | Reached XP level 1. HP: 10/10 MP: 6/6
   378 | D:1      | Reached XP level 2. HP: 13/15 MP: 4/8
   382 | D:1      | Learned a level 2 spell: Throw Flame
   820 | D:1      | Reached XP level 3. HP: 17/19 MP: 3/10
   825 | D:1      | Learned a level 3 spell: Conjure Flame
   829 | D:1      | Learned a level 3 spell: Inner Flame
   941 | D:2      | Found a shimmering altar of Xom.
   943 | D:2      | Found a shimmering altar of Xom.
  1102 | D:2      | Reached skill level 4 in Spellcasting
  1362 | D:2      | Upgraded the game from 0.19-a0-1442-g3b32ff5 to 0.19-a0-1457-g32fba05
  1400 | D:2      | Found a burning altar of Makhleb.
  1506 | D:2      | Reached XP level 4. HP: 16/24 MP: 0/12
  2381 | D:3      | Reached skill level 5 in Spellcasting
  2424 | D:3      | Found a hide-covered altar of Uskayaw.
  2661 | D:3      | Learned a level 4 spell: Sticky Flame
  3132 | D:4      | Reached XP level 5. HP: 11/28 MP: 5/14
  3392 | D:4      | Noticed an ogre
  3395 | D:4      | Noticed an ice beast
  3397 | D:4      | Killed an ogre
  3397 | D:4      | Reached skill level 6 in Spellcasting
  3397 | D:4      | Reached XP level 6. HP: 32/32 MP: 1/17
  3441 | D:4      | Killed an ice beast
  3441 | D:4      | Reached skill level 5 in Fire Magic
  3764 | D:4      | Learned a level 5 spell: Fireball
  3862 | D:4      | Reached XP level 7. HP: 37/37 MP: 10/19
  4039 | D:4      | Found a snail-covered altar of Cheibriados.
  4353 | D:4      | Reached skill level 7 in Spellcasting
  4370 | D:5      | Entered Level 5 of the Dungeon
  4393 | D:4      | Reached skill level 1 in Short Blades
  4393 | D:4      | Reached skill level 1 in Armour
  4540 | D:5      | Reached skill level 1 in Fighting
  4611 | D:5      | Found a snail-covered altar of Cheibriados.
  4684 | D:5      | Found a snail-covered altar of Cheibriados.
  4820 | D:5      | Found Orialaik's Weapon Shoppe.
  4921 | D:6      | Found a white marble altar of Elyvilon.
  4936 | D:6      | Found a staircase to the Ecumenical Temple.
  4942 | Temple   | Entered the Ecumenical Temple
  5141 | D:6      | Found a sacrificial altar of Ru.
  5164 | D:6      | Reached skill level 1 in Shields
  5224 | D:6      | Reached XP level 8. HP: 43/43 MP: 17/21
  5252 | D:6      | Reached skill level 8 in Spellcasting
  6396 | D:7      | Reached skill level 5 in Conjurations
  6487 | D:7      | Found a radiant altar of Vehumet.
  6490 | D:7      | Became a worshipper of Vehumet
  6550 | D:7      | Noticed an unseen horror
  6552 | D:7      | Killed an unseen horror
  6552 | D:7      | Reached skill level 9 in Spellcasting
  6552 | D:7      | Reached XP level 9. HP: 19/48 MP: 15/24
  6837 | D:7      | Reached skill level 5 in Dodging
  7206 | D:7      | Reached * piety under Vehumet
  7206 | D:7      | Offered knowledge of Sting by Vehumet.
  7209 | D:7      | Learned a level 1 spell: Sting
  7409 | D:7      | Found a hazy altar of Hepliaklqana.
  7410 | D:7      | Found a shimmering altar of Xom.
  7411 | D:7      | Noticed a spectral ugly thing
  8149 | D:8      | Found a shattered altar of Ashenzari.
  8382 | D:8      | Reached skill level 1 in Poison Magic
  8384 | D:8      | Reached skill level 10 in Spellcasting
  8693 | D:8      | Reached skill level 1 in Evocations
  8741 | D:8      | Noticed Grum
  8747 | D:8      | Killed Grum
  8747 | D:8      | Offered knowledge of Magic Dart by Vehumet.
  8747 | D:8      | Reached XP level 10. HP: 49/56 MP: 10/26
  8749 | D:8      | Reached ** piety under Vehumet
  8770 | D:8      | Noticed Joseph
  9217 | D:8      | Learned a level 3 spell: Ignite Poison
  9222 | D:8      | Learned a level 4 spell: Petrify
  9394 | D:8      | Found a staircase to the Lair.
  9726 | Lair:1   | Entered Level 1 of the Lair of Beasts
  9847 | Lair:1   | Got a crude robe
  9858 | Lair:1   | Identified the cursed +0 robe of Midnight {rElec Regen+ Dex-3} (You found it on level 1 of the Lair of Beasts)
 10046 | Lair:1   | Noticed an eight-headed hydra
 10052 | Lair:1   | Killed an eight-headed hydra
 10052 | Lair:1   | Reached skill level 1 in Earth Magic
 10358 | Lair:1   | Noticed Gastronok
 10372 | Lair:1   | Killed from afar by Gastronok

Vault maps used:
D:1:      dpeg_arrival_water_temple_mockup
D:2:      lemuel_doored_altar, first_bread, xom_redecorated
D:3:      eat_drink_and_be_merry_uskayaw, minmay_misc_feat_more_columns
D:4:      kennysheep_little_box, kennysheep_decorative_pillar
D:5:      basic_altar, serial_shops, nicolae_shop_statue_plus,
          cheibriados_altar_wand_db
D:6:      nicolae_overflow_hidden_temple, nicolae_overflow_crystal_walls
D:7:      kennysheep_mini, regret_index_temple_of_mockery, the_bakery
D:8:      ashenzari_conservatory_becter, david_lair_shrubbed,
          kennysheep_generic_room_12, uniq_grum, uniq_joseph
Temple:   grunt_temple_mini_profane
Lair:1:   serial_bayou_shore_b, uniq_gastronok

Skill      XL: |  1  2  3  4  5  6  7  8  9 10 |
---------------+-------------------------------+-----
Conjurations   | 2 3 4 5 6 |  6.3
Spellcasting   | 4 5 6 7 9 10 | 10.8
Fire Magic     | 4 5 6 7 |  7.1
Dodging        | 3 4 6 |  6.5
Short Blades   | 1 3 4 |  4.2
Armour         | 1 2 3 |  3.7
Fighting       | 1 2 3 |  3.5
Shields        | 1 2 3 |  3.3
Poison Magic   | 1 2 |  2.4
Evocations     | 1 2 |  2.1
Earth Magic    | 1 |  1.4
Stealth        | |  2.4

Action                   |  1- 3 |  4- 6 |  7- 9 | 10-12 || total
-------------------------+-------+-------+-------+-------++-------
Melee: Dagger            |    28 |    16 |    18 |    17 ||    79
 Fire: Shortbow          |       |       |       |     6 ||     6
 Cast: Flame Tongue      |    55 |    77 |   146 |    42 ||   320
       Throw Flame       |    10 |    13 |    33 |    12 ||    68
       Conjure Flame     |     2 |     2 |     7 |     4 ||    15
       Inner Flame       |     1 |       |    15 |       ||    16
       Sticky Flame      |       |     6 |    14 |    11 ||    31
       Sting             |       |       |       |    54 ||    54
       Fireball          |       |       |       |     2 ||     2
       Ignite Poison     |       |       |       |     2 ||     2
  Use: Scroll            |     1 |     5 |     9 |     2 ||    17
       Potion            |       |     2 |     1 |       ||     3
 Stab: Sleeping          |     5 |     5 |     3 |       ||    13
  Eat: Chunk             |     2 |     8 |    13 |     4 ||    27
       Fruit             |       |       |     3 |       ||     3
       Beef jerky        |       |       |       |     1 ||     1
Armor: Robe              |    12 |    10 |    10 |    10 ||    42
       Leather armour    |       |     2 |       |       ||     2
Dodge: Dodged            |    29 |    39 |    56 |    49 ||   173
